[Event "FRA-ch Teams Top 16-Haute 2022"]
[Site "Chartres"]
[Date "2022.06.17"]
[Round "9.4"]
[White "Nanu, Costica-Ciprian"]
[Black "Alekseenko, Kirill"]
[Result "1/2-1/2"]
[ECO "E10"]
[WhiteElo "2520"]
[BlackElo "2698"]
[Annotator "TA"]
[PlyCount "72"]
[EventDate "2022.06.16"]
[EventType "team-tourn"]
[EventCountry "FRA"]
[SourceTitle "playchess.com"]
[Source "ChessBase"]
[SourceQuality "1"]
[TimeControl "40/5400+30:1800+30"]

1. Nf3 Nf6 2. d4 h6 3. c4 e6 4. g3 Bb4+ 5. Bd2 Be7 6. Bg2 {[%emt 0:01:19] E10: Blumenfeld Gambit.} d5 7. O-O O-O 8. Qc2 Nbd7 9. Bf4 c6 10. b3 (10. Nbd2 {looks sharper.} g5 11. Be5 Ng4 12. Rfd1) 10... b6 {[%emt 0:04:20][%cal Bb7b6,Bb6b5,Bb5b4][%mdl 32] [#]} 11. a4 $146 ({Predecessor:} 11. Rd1 Ba6 12. Ne5 Nxe5 13. dxe5 Nd7 14. cxd5 cxd5 15. e4 Rc8 16. Qd2 g5 17. Be3 Nxe5 18. exd5 exd5 {0-1 (62) Nguyen,A (2454)-Fedoseev,V (2707) Abu Dhabi 2018}) 11... Ba6 12. a5 b5 13. Nbd2 {[%emt 0:00:43] [#]} (13. c5 $1 $11 {remains equal.}) 13... Nh5 (13... bxc4 $1 $17 14. bxc4 Rc8) 14. cxd5 (14. c5 $11) 14... Nxf4 $15 15. gxf4 {[%emt 0:00:11] aiming for dxe6.} cxd5 16. Qc6 Qc8 17. Rfc1 b4 18. e4 Qxc6 19. Rxc6 Bb5 20. exd5 Bxc6 (20... Nf6 $17 21. f5 Nxd5 22. fxe6 Bxc6 23. exf7+ Rxf7) 21. dxc6 Nf6 22. f5 exf5 23. Rc1 (23. Rd1 $15 {deserves consideration.}) 23... Rac8 $17 24. Ne5 Rc7 (24... Rfd8 $17 25. Rc4 Bd6) 25. Ndc4 $11 Rd8 26. Rd1 Nd5 27. Bxd5 Rxd5 28. Ne3 $1 Rxe5 29. dxe5 {[%emt 0:00:24] And now Nd5 would win.} Rxc6 30. Nxf5 {[%emt 0:00:34][%mdl 4096] Endgame KRB-KRN} Bc5 {[%emt 0:02:22] [#]} 31. Rd5 {[%emt 0:03:39] White is more active.} (31. Kg2 $1 $16) 31... h5 $1 {[%emt 0:02:03] The position is equal.} 32. Kf1 g6 33. Nd6 Kf8 34. Ne4 Be7 35. Rb5 Ke8 36. Nd6+ Bxd6 {[%emt 0:00:58] Weighted Error Value: White=0.14 (very precise) /Black=0.12 (very precise)} 1/2-1/2

[Event "FRA-ch Teams Top 16-Haute 2022"]
[Site "Chartres"]
[Date "2022.06.17"]
[Round "9.5"]
[White "Degraeve, Jean-Marc"]
[Black "Wirig, Anthony"]
[Result "1/2-1/2"]
[ECO "B40"]
[WhiteElo "2520"]
[BlackElo "2520"]
[Annotator "TA"]
[PlyCount "59"]
[EventDate "2022.06.16"]
[EventType "team-tourn"]
[EventCountry "FRA"]
[SourceTitle "playchess.com"]
[Source "ChessBase"]
[SourceQuality "1"]
[TimeControl "40/5400+30:1800+30"]

1. e4 c5 2. Nf3 e6 3. c3 d5 4. e5 d4 5. Bd3 Bd7 6. Be4 {[%emt 0:04:31] B40: Sicilian: 2...e6, Unusual lines.} Bc6 7. d3 Ne7 8. O-O Bxe4 9. dxe4 Nec6 {[%emt 0:00:10] [#]} 10. cxd4 $146 ({Predecessor:} 10. Qb3 Qc7 11. Na3 a6 12. cxd4 Nxd4 13. Nxd4 cxd4 14. Bf4 Bxa3 15. Qxa3 Qe7 16. Qg3 {1-0 (26) Degraeve,J (2558)-Karr,J (2388) France 2009}) 10... Nxd4 11. Nxd4 cxd4 12. Nd2 Nc6 13. Nb3 Qb6 14. Bf4 Be7 15. Qe2 g5 16. Bg3 h5 {[%emt 0:00:04] [#] And now ...h4 would win.} 17. h3 O-O-O (17... g4 $5) 18. Rfd1 (18. Qf3 $15) 18... Kb8 $17 19. Nc1 g4 20. hxg4 $2 (20. Kh1 $15) 20... Rdg8 (20... hxg4 $19 {and Black stays clearly on top.} 21. Nd3 Rh5) 21. Nd3 ({Wrong is} 21. gxh5 $2 {[#]} Rxg3 $1 22. Rd3 (22. fxg3 $2 {perishes.} d3+ 23. Qf2 Bc5 $19) 22... Rg5 $19) (21. g5 $17) 21... Rxg4 (21... hxg4 $19 {Hoping for ...Rh7.} 22. Qc2 Rc8) 22. Qf3 Rg7 23. a3 h4 24. Bh2 Rhg8 25. Kh1 $1 Qb3 26. Rg1 Rh7 27. Qh3 Rhg7 28. Qf3 $1 Rh7 29. Qh3 Rhg7 30. Qf3 $1 {[%emt 0:19:22] Weighted Error Value: White=0.23 (precise) /Black=0.20 (precise)} 1/2-1/2

[Event "FRA-ch Teams Top 16-Haute 2022"]
[Site "Chartres"]
[Date "2022.06.17"]
[Round "9.6"]
[White "Milliet, Sophie"]
[Black "Gozzoli, Yannick"]
[Result "1/2-1/2"]
[ECO "B90"]
[WhiteElo "2410"]
[BlackElo "2591"]
[Annotator "TA"]
[PlyCount "79"]
[EventDate "2022.06.16"]
[EventType "team-tourn"]
[EventCountry "FRA"]
[SourceTitle "playchess.com"]
[Source "ChessBase"]
[SourceQuality "1"]
[TimeControl "40/5400+30:1800+30"]

1. e4 c5 2. Nf3 d6 3. d4 cxd4 4. Nxd4 Nf6 5. Nc3 a6 6. Be3 Ng4 7. Bc1 Nf6 8. Be3 e5 9. Nb3 Be6 10. f3 Be7 11. Qd2 O-O 12. O-O-O Nbd7 13. g4 b5 14. g5 b4 15. Ne2 Ne8 16. f4 a5 {[%emt 0:05:27] [#] White must now prevent ...a4.} 17. f5 {[%emt 0:01:07] B90: Sicilian Najdorf: Unusual White 6th moves, 6 Be3 Ng4 and 6 Be3 e5.} a4 18. fxe6 axb3 19. cxb3 {[%emt 0:01:06] White is slightly better.} ({Don't blunder} 19. exd7 $2 bxa2 20. Qd5 a1=Q+ $19) 19... fxe6 20. Bh3 Rxa2 {[%emt 0:14:14] [#] Threatens to win with ...Nc7.} 21. Bxe6+ Kh8 22. Ng3 {[%emt 0:14:53] Active counter play!} Nc7 23. Bc4 {[%emt 0:01:20] A strong pair of Bishops.} Qa8 24. Rhf1 Rxf1 25. Rxf1 {[%emt 0:00:06] Rf7 is the strong threat.} Ra1+ 26. Kc2 Rxf1 27. Bxf1 d5 28. exd5 Nxd5 29. Bf2 Qc6+ {[%emt 0:02:49] The position is equal.} 30. Kb1 Nf4 {[%emt 0:00:51] Inhibits Bg2.} 31. h4 h6 32. gxh6 gxh6 33. Ka2 Qa8+ 34. Kb1 Qc6 35. Ka2 Qa8+ 36. Kb1 Qc6 {[%emt 0:00:06] [#]  Weighted Error Value: White=0.03 (flawless) /Black=0.00 (flawless)} {Predecessor:} 37. h5 $146 Nf6 38. Qe3 Bd6 39. Qa7 Ne4 40. Nxe4 {½-½ (34) Bokar,J (2582)-Siefring,C (2499) ICCF email 2013} 1/2-1/2

[Event "FRA-ch Teams Top 16-Haute 2022"]
[Site "Chartres"]
[Date "2022.06.17"]
[Round "9.7"]
[White "Cornette, Matthieu"]
[Black "Loiseau, Quentin"]
[Result "1-0"]
[ECO "C84"]
[WhiteElo "2570"]
[BlackElo "2445"]
[Annotator "TA"]
[PlyCount "81"]
[EventDate "2022.06.16"]
[EventType "team-tourn"]
[EventCountry "FRA"]
[SourceTitle "playchess.com"]
[Source "ChessBase"]
[SourceQuality "1"]
[TimeControl "40/5400+30:1800+30"]

1. e4 {[%emt 0:00:12] Marin,M} e5 2. Nf3 Nc6 3. Bb5 a6 4. Ba4 Nf6 5. O-O Be7 6. d3 d6 7. c4 O-O {[%emt 0:02:24] C84: Closed Ruy Lopez: Unusual White 6th moves.} 8. h3 Nd7 9. Be3 Bf6 {[%emt 0:04:08] The position is equal.} 10. Nc3 Nd4 11. Bxd7 {[%emt 0:01:32] [#]} Nxf3+ $146 ({Predecessor:} 11... Bxd7 12. Nd5 b5 13. c5 dxc5 14. Rc1 c6 15. Nxf6+ Qxf6 16. Rxc5 Nxf3+ 17. Qxf3 Qxf3 18. gxf3 {½-½ (42) Naiditsch,A (2700)-Ponomariov,R (2726) Dortmund 2012 CBM 150 [Marin,M]}) 12. Qxf3 Qxd7 13. Rfd1 c6 14. d4 Qc7 15. Qg3 Be6 (15... b5 $11 {keeps the balance.}) 16. c5 d5 17. exd5 Bxd5 18. Nxd5 cxd5 19. b4 Qe7 20. Rac1 e4 21. Bf4 {[%emt 0:01:52] Hoping for Bd6.} Rfe8 22. a4 {[%emt 0:00:52] White is more active.} Qd7 23. Qb3 Qf5 24. Be3 Bg5 (24... Bd8 $14) 25. b5 $16 axb5 26. axb5 h6 27. Ra1 Bxe3 28. fxe3 Qg5 29. Rdc1 Kh7 30. Rf1 ({White should try} 30. Rxa8 $16 Rxa8 31. Rf1) 30... f5 $2 {[%emt 0:01:50] [#] Loses the game.} (30... Rxa1 $1 $14 31. Rxa1 Re6) 31. Rxa8 $1 $18 Rxa8 32. Qxd5 {[%emt 0:03:10][%mdl 4096] Endgame KQR-KQR} Rf8 $2 (32... Qxe3+ 33. Kh2 f4) 33. Rf4 Qg3 34. Rxf5 Qxe3+ 35. Kh2 Ra8 36. Rf7 ({Stronger than} 36. Qxb7 Ra1 37. Qd5 Qg1+ 38. Kg3 Qe3+ 39. Kh4 Ra3 $11) 36... Re8 37. Qf5+ Kh8 38. Rf8+ Rxf8 39. Qxf8+ Kh7 40. Qf5+ Kh8 41. Qe5 {[%emt 0:31:03] Weighted Error Value: White=0.05 (flawless) /Black=0.71} 1-0

[Event "FRA-ch Teams Top 16-Haute 2022"]
[Site "Chartres"]
[Date "2022.06.17"]
[Round "9.8"]
[White "Barbot, Pierre"]
[Black "Guichard, Pauline"]
[Result "1-0"]
[ECO "E05"]
[WhiteElo "2450"]
[BlackElo "2377"]
[Annotator "TA"]
[PlyCount "127"]
[EventDate "2022.06.16"]
[EventType "team-tourn"]
[EventCountry "FRA"]
[SourceTitle "playchess.com"]
[Source "ChessBase"]
[SourceQuality "1"]
[TimeControl "40/5400+30:1800+30"]

1. d4 Nf6 2. c4 e6 3. Nf3 d5 4. g3 Be7 5. Bg2 O-O 6. O-O dxc4 7. Qc2 a6 8. a4 Bd7 9. Qxc4 Bc6 10. Bg5 Bd5 11. Qc2 Be4 12. Qc1 h6 13. Bxf6 {[%emt 0:06:22] E05: Open Catalan: 5 Nf3 Be7.} Bxf6 14. Nc3 Bxf3 15. Bxf3 {[%emt 0:00:57] The position is equal.} c6 ({Don't do} 15... Nc6 16. e3 $14) 16. Rd1 a5 17. Ne4 Be7 18. h4 Na6 19. e3 {[%emt 0:02:53] [#]} Qb6 $146 ({Predecessor:} 19... Qc7 20. Qc4 Rad8 21. Rac1 Nb4 22. Kg2 Rfe8 23. Nc3 g6 24. h5 g5 25. d5 Qe5 26. dxe6 Qxe6 {½-½ (47) Nekhaev,A (2455)-Edwards,J (2525) ICCF email 2020}) 20. Nd2 Rfd8 21. Qc4 Rac8 22. Rac1 Rd7 23. Qc3 Nb4 24. Nc4 Qc7 25. Qb3 {[%emt 0:00:26] Against Na2} Rdd8 26. e4 Bf6 27. Qe3 Na2 28. Rc2 Nb4 29. Rcd2 c5 ({Black should play} 29... Rd7 $11) 30. dxc5 ({Better is} 30. d5 $1 $14 exd5 31. exd5) 30... Rxd2 $11 31. Rxd2 {[%emt 0:00:05] aiming for e5.} Qxc5 32. Qxc5 Rxc5 33. Be2 b5 34. axb5 Rxb5 35. f4 Nc6 36. e5 Be7 37. Kg2 Bb4 38. Rd7 Rb8 39. Bf3 Ne7 40. Nd6 Kf8 41. Kh3 Bc5 42. b3 g6 43. h5 Rxb3 44. Rd8+ Kg7 45. Bd1 Re3 46. Ne8+ Kh7 47. Bg4 a4 48. Nf6+ Kg7 49. hxg6 Kxg6 (49... h5 $1 $11 50. Nxh5+ Kxg6) 50. Bd1 $16 {[%emt 0:00:00] White is more active.} Rc3 {[%emt 0:00:37] [#] Prevents Bc2+.} (50... h5 $16 {was necessary.}) 51. Bxa4 $2 (51. Rh8 $1 $18 {Bh5+ would kill now.} Bf2 52. Ne4) 51... Bf2 $2 {[%emt 0:00:40] This move loses the game for Black.} (51... Be3 $1 $14) 52. Ne4 $18 Rc4 {[%emt 0:00:09] [#]} 53. Bb3 $1 ({Not} 53. Nxf2 Rxa4 54. Re8 Nd5 $11) 53... Rxe4 (53... Rd4 {was worth a try.}) 54. Bc2 Kg7 {[%emt 0:00:31] Hoping for ...Re2.} 55. Bxe4 {[%emt 0:00:06][%mdl 4096] Endgame KRB-KBN} Bc5 56. Rd7 Kf8 57. Bf3 Be3 (57... Kg7 $142 58. Bh5 Kf8) 58. Bh5 {[%emt 0:00:10] White is clearly winning.} Bc1 59. Rb7 Be3 60. Kg2 Bc1 61. Kf3 {[%emt 0:00:06] Strongly threatening g4.} Bd2 62. Ke4 {[%emt 0:00:12] Threatens to win with g4.} Bc1 63. g4 {[%emt 0:00:07] Black must now prevent f5.} Ba3 64. f5 {[%emt 0:00:19] Weighted Error Value: White=0.10 (very precise) /Black=0.35} 1-0

[Event "FRA-ch Teams Top 16-Haute 2022"]
[Site "Chartres"]
[Date "2022.06.17"]
[Round "9.9"]
[White "Nihal Sarin"]
[Black "Jones, Gawain C B"]
[Result "1/2-1/2"]
[ECO "C47"]
[WhiteElo "2646"]
[BlackElo "2669"]
[Annotator "TA"]
[PlyCount "35"]
[EventDate "2022.06.16"]
[EventType "team-tourn"]
[EventCountry "FRA"]
[SourceTitle "playchess.com"]
[Source "ChessBase"]
[SourceQuality "1"]
[TimeControl "40/5400+30:1800+30"]

1. e4 e5 2. Nf3 Nc6 3. Nc3 Nf6 4. d4 exd4 5. Nxd4 Bb4 6. Nxc6 bxc6 7. Bd3 d5 8. exd5 O-O {[%emt 0:00:06] now supersedes 8...cxd5. C47: Scotch Four Knights and Four Knights with 4 g3.} ({Don't play} 8... Nxd5 9. O-O $14) 9. O-O Bg4 10. f3 Bh5 {[%emt 0:00:36] The position is equal.} 11. dxc6 Qd4+ 12. Kh1 {[%emt 0:00:05][%cal Od3h7] [#] Black must now prevent Bxh7+!} Bxc3 13. bxc3 Qxc3 14. Bf4 Qxc6 15. Qe2 Nd5 16. Bg3 Bg6 17. Bb5 {[%emt 0:10:05] A strong pair of Bishops.} Qb7 {[%emt 0:14:35] [#]} 18. Ba4 $146 {[%emt 0:17:29] An interesting draw.  Weighted Error Value: White=0.02 (flawless) /Black=0.06 (flawless)} ({Predecessor:} 18. Bf2 c6 19. Ba6 Qb2 20. Rfe1 Qxc2 21. Qxc2 Bxc2 22. Rec1 Bf5 23. a3 Bc8 24. Rxc6 {½-½ (42) Paravyan,D (2602)-Sevian,S (2654) Douglas 2019}) 1/2-1/2

[Event "FRA-ch Teams Top 16-Haute 2022"]
[Site "Chartres"]
[Date "2022.06.17"]
[Round "9.11"]
[White "Mendonca, Leon Luke"]
[Black "Grandelius, Nils"]
[Result "0-1"]
[ECO "D12"]
[WhiteElo "2551"]
[BlackElo "2635"]
[Annotator "TA"]
[PlyCount "44"]
[EventDate "2022.06.16"]
[EventType "team-tourn"]
[EventCountry "FRA"]
[SourceTitle "playchess.com"]
[Source "ChessBase"]
[SourceQuality "1"]
[TimeControl "40/5400+30:1800+30"]

1. d4 d5 2. c4 c6 3. Nf3 Nf6 4. e3 Bf5 5. Nc3 e6 6. Nh4 Be4 7. f3 Bg6 {[%emt 0:00:10] D12: Slav Defence: 3 Nf3 Nf6 4 e3 Bf5.} 8. Bd2 dxc4 $5 {[%emt 0:02:08][%mdl 4] An interesting side line.} 9. Bxc4 b5 {[%emt 0:00:33] [#]} (9... a6 $11) 10. Be2 $146 ({Predecessor:} 10. Bb3 Bd3 11. Bc1 Bc4 12. Bxc4 bxc4 13. g3 c5 14. Qa4+ Nbd7 15. Qxc4 cxd4 16. Qxd4 {1-0 (50) So,W (2772)-Shirov,A (2704) Berlin 2022}) 10... Nbd7 11. Nxg6 hxg6 12. e4 ({White should play} 12. Ne4 $14) 12... Nh5 13. Kf2 e5 14. dxe5 {[%emt 0:13:43][%mdl 8192] This costs White the game.} (14. Be3 $11) 14... Bc5+ $19 15. Be3 Bxe3+ 16. Kxe3 Qg5+ ({Less strong is} 16... Nxe5 17. Qxd8+ Rxd8 18. f4 $16) 17. Kf2 Nxe5 {[%emt 0:00:14] [#] ...Rd8 is the strong threat.} ({Not} 17... b4 18. Na4 $15) 18. g3 (18. Qb3 {is a better defense.} Rd8 19. Rad1) 18... Rd8 19. Qc1 (19. Qg1 Rd2 20. Kf1) 19... Rd2 {[%emt 0:04:11] ( -> ...Nd3+)} 20. f4 Nd3+ 21. Kf3 {[%emt 0:01:45] [#]} Nhxf4 $1 {[%emt 0:01:45] Pair of Knights!} ({Worse is} 21... Nxc1 22. fxg5 Nxe2 23. Nxe2 $11) 22. Qxd2 Qh5+ {[%emt 0:00:16] Weighted Error Value: White=1.20/Black=0.08 (flawless)} 0-1

[Event "FRA-ch Teams Top 16-Haute 2022"]
[Site "Chartres"]
[Date "2022.06.17"]
[Round "9.12"]
[White "Fedorchuk, Sergey A."]
[Black "Gatineau, Yovann"]
[Result "1-0"]
[ECO "C54"]
[WhiteElo "2606"]
[BlackElo "2367"]
[Annotator "TA"]
[PlyCount "71"]
[EventDate "2022.06.16"]
[EventType "team-tourn"]
[EventCountry "FRA"]
[SourceTitle "playchess.com"]
[Source "ChessBase"]
[SourceQuality "1"]
[TimeControl "40/5400+30:1800+30"]

1. e4 e5 2. Nf3 Nc6 3. Bc4 Bc5 4. d3 Nf6 5. O-O d6 6. c3 a6 7. Bb3 Ba7 8. Re1 O-O 9. h3 Ne7 10. Nbd2 Ng6 11. Nf1 c6 {[%emt 0:02:31] C54: Giuoco Piano: 4 c3 Nf6, main lines with 5 d4 and 5 d3.} 12. Ng3 h6 13. d4 Re8 {[%emt 0:02:17] White is slightly better.} 14. Bc2 Qc7 15. Be3 Be6 16. a4 Rad8 {[%emt 0:12:34] [#]} 17. Qb1 $146 ({Predecessor:} 17. Qc1 Bb8 18. a5 Qd7 19. dxe5 dxe5 20. Bb6 Bc7 21. Qe3 Nf4 22. Rad1 Qc8 23. Bxc7 Qxc7 {½-½ (29) Esipenko,A (2625)-Yakubboev,N (2574) Abu Dhabi 2019}) 17... Ra8 18. a5 b5 19. axb6 Bxb6 20. Qc1 a5 21. Nf5 Bxf5 22. exf5 Nf8 {[%emt 0:06:05] [#]} ({Better is} 22... e4) 23. Bxh6 $1 $16 (23. dxe5 $6 Bxe3 24. Qxe3 dxe5 $14) 23... gxh6 {[%emt 0:08:46] Loses the game.} (23... N8h7 $16) 24. Qxh6 $18 N8h7 {[%emt 0:00:12] Prevents Qg5+.} 25. Ng5 e4 (25... d5 $142 26. Nxh7 Nxh7) 26. Nxh7 {[%emt 0:01:31][%mdl 64] Remove Defender} Nxh7 27. f6 Nxf6 28. Re3 {[%emt 0:00:28][%cal Be1e3,Be3g3,Bg3h3,Bh3h7][%mdl 32] Threatening mate with Rg3+.} ({Less strong is} 28. Qxf6 Re6 29. Qh4 d5 $18) ({Weaker is} 28. Qg5+ Kf8 $18) 28... Ng4 (28... d5 $142 29. Rg3+ (29. Qxf6 Re6 $16) 29... Qxg3 30. fxg3 Re6) 29. Rg3 {[%emt 0:00:23][%cal Rg3g4][%mdl 64] [#] Pin} f5 30. Qg6+ Kf8 31. hxg4 Ke7 32. Rh3 Kd8 33. Rh7 Qb8 34. Qf6+ {[%emt 0:00:10] White mates.} Kc8 35. Qxf5+ Kd8 36. Qd7# {[%emt 0:00:11] Weighted Error Value: White=0.13 (very precise) /Black=0.79} 1-0

[Event "FRA-ch Teams Top 16-Haute 2022"]
[Site "Chartres"]
[Date "2022.06.17"]
[Round "9.13"]
[White "Papadiamandis, Elliot"]
[Black "David, Alberto"]
[Result "1/2-1/2"]
[ECO "B84"]
[WhiteElo "2373"]
[BlackElo "2520"]
[Annotator "TA"]
[PlyCount "32"]
[EventDate "2022.06.16"]
[EventType "team-tourn"]
[EventCountry "FRA"]
[SourceTitle "playchess.com"]
[Source "ChessBase"]
[SourceQuality "1"]
[TimeControl "40/5400+30:1800+30"]

1. e4 c5 2. Nf3 e6 3. d4 cxd4 4. Nxd4 a6 5. Be2 Nf6 6. Nc3 d6 7. a4 Nc6 8. O-O Be7 9. Be3 O-O 10. Nxc6 bxc6 11. a5 Nd7 {[%emt 0:06:31] B84: Sicilian Scheveningen: 6 Be2 a6, lines without early Be3.} 12. Qd2 Rb8 13. Na4 $1 c5 {[%emt 0:02:26] [#]} 14. Bf4 $146 {[%emt 0:05:03] White is more active.} ({Predecessor:} 14. Rfd1 Bb7 15. f3 Qc7 16. c3 Rfd8 17. b4 d5 18. exd5 Bxd5 19. c4 Bc6 20. Qe1 cxb4 {1-0 (36) Yilmaz,E (1866)-Uyanik,M (1582) Antalya 2017}) 14... Qc7 15. Rfd1 e5 16. Be3 Rb4 {[%emt 0:11:43] White took control after the opening.  Weighted Error Value: White=0.02 (flawless) /Black=0.22 (precise)} 1/2-1/2

[Event "FRA-ch Teams Top 16-Haute 2022"]
[Site "Chartres"]
[Date "2022.06.17"]
[Round "9.14"]
[White "Velten, Paul"]
[Black "Terrieux, Kevin"]
[Result "1/2-1/2"]
[ECO "B30"]
[WhiteElo "2492"]
[BlackElo "2448"]
[Annotator "TA"]
[PlyCount "114"]
[EventDate "2022.06.16"]
[EventType "team-tourn"]
[EventCountry "FRA"]
[SourceTitle "playchess.com"]
[Source "ChessBase"]
[SourceQuality "1"]
[TimeControl "40/5400+30:1800+30"]

1. e4 c5 2. Nf3 Nc6 3. Bb5 e6 4. Bxc6 bxc6 5. O-O Ne7 6. b3 Ng6 7. Bb2 f6 8. c3 {[%emt 0:04:05] B30: Sicilian: 2...Nc6 3 Bb5, lines without ...g6.} d5 9. Re1 {[%emt 0:03:12] [#]} Bd6 $146 ({Predecessor:} 9... Be7 10. d4 O-O 11. dxc5 Bxc5 12. Ba3 Bxa3 13. Nxa3 e5 14. exd5 cxd5 15. c4 d4 {0-1 (27) Samhouri,A (2355)-Moiseenko,A (2667) Riadh 2017}) 10. d4 {[%emt 0:03:38] Black is slightly better.} O-O 11. Nbd2 cxd4 12. cxd4 a5 13. Qc2 Qd7 14. Rac1 Bb7 15. Nb1 ({Better is} 15. g3 $15) 15... Bb4 16. Red1 Rfc8 17. a3 {[%emt 0:08:39] [#]} Bd6 18. e5 (18. g3 $17 {keeps fighting.}) 18... fxe5 $19 19. dxe5 Be7 20. Rd4 (20. a4 $142) 20... c5 21. Rg4 Rf8 22. Nbd2 Rf5 {[%emt 0:00:10] Against Ng5} ({Black should play} 22... Nf4 $19 {Hoping for ...Ne2+.} 23. Re1 Ba6) 23. Re1 (23. b4 $17 {is a better defense.}) 23... Bc6 24. b4 Ba4 25. Qb1 axb4 26. axb4 c4 27. Bc3 Raf8 28. Qa1 Rf4 $36 {[%emt 0:01:59][%mdl 2048] Black has strong initiative.} 29. Rxf4 Nxf4 ({Weaker is} 29... Rxf4 30. Nd4 $11) 30. Nd4 Nd3 31. Rf1 (31. Re2 $17) 31... Nxb4 (31... Bxb4 32. Bxb4 Nxb4 33. N2f3) (31... Ra8 $19 32. N2f3 Qc8) 32. Nxe6 Qxe6 33. Qxa4 Nd3 34. Bd4 Qg4 (34... Nxe5 35. Re1 Bf6 36. Bxe5 Bxe5 37. Nf3 Rxf3 38. gxf3 $11) 35. Be3 Nxe5 36. Qa5 Qd7 37. Rd1 Nc6 38. Qa4 Qe6 39. Nf3 Bf6 40. Bc5 Rd8 41. Re1 (41. Bb6 $142 Rb8 42. Bc5) 41... Qd7 {[%emt 0:30:25][%cal Oc6e5] Strongly threatening ...Ne5!} 42. Qc2 Ra8 43. h4 Ra5 44. Bb6 Rb5 45. Be3 Rb8 46. Bg5 Nd4 47. Nxd4 Bxd4 48. Qd1 Bc5 {[%emt 0:00:00] Threatens to win with ...Rf8.} 49. Re5 Qf7 (49... Rb5 $19 {...Qf7 is the strong threat.} 50. Bf4 h6) 50. Be3 $17 Bxe3 51. fxe3 {[%emt 0:00:00][%mdl 4096] Endgame KQR-KQR} c3 52. Rxd5 Qe7 {[%emt 0:00:54] Against Rd8+} ({But not} 52... c2 53. Rd8+ Rxd8 54. Qxd8+ Qf8 55. Qd5+ (55. Qc7 Qf5 $11) 55... Kh8 56. Qc6 $16) 53. Qd3 {[%emt 0:00:00] [#]} (53. Rd3 $17 {was necessary.}) 53... Qxh4 $2 (53... Rc8 $1 $19 {( -> ...c2)} 54. Rd7 Qc5) 54. Rc5 {[%emt 0:00:00] The position is equal.} Qe1+ 55. Kh2 {[%emt 0:00:00] Qc4+ would kill now.} Qh4+ 56. Kg1 Qe1+ 57. Kh2 {[%emt 0:00:00] White threatens Qc4+ and mate.} Qh4+ {[%emt 0:00:11] Weighted Error Value: White=0.24 (precise) /Black=0.22 (precise)} 1/2-1/2

[Event "FRA-ch Teams Top 16-Haute 2022"]
[Site "Chartres"]
[Date "2022.06.17"]
[Round "9.16"]
[White "Alexieva, Silvia"]
[Black "Navrotescu, Andreea"]
[Result "0-1"]
[ECO "D11"]
[WhiteElo "2219"]
[BlackElo "2318"]
[Annotator "TA"]
[PlyCount "66"]
[EventDate "2022.06.16"]
[EventType "team-tourn"]
[EventCountry "FRA"]
[SourceTitle "playchess.com"]
[Source "ChessBase"]
[SourceQuality "1"]
[TimeControl "40/5400+30:1800+30"]

1. d4 d5 2. Nf3 Nf6 3. g3 c6 4. Bg2 Bf5 5. c4 e6 6. Qb3 Qc8 7. Nc3 Be7 8. O-O dxc4 {[%emt 0:09:03] D11: Slav Defence: 3 Nf3 sidelines and 3...Nf6 4 e3 Bg4.} 9. Qxc4 O-O 10. Bf4 {[%emt 0:06:19] [#]} ({White should try} 10. Nh4 $16) 10... b5 $146 (10... Nd5 $11) ({Predecessor:} 10... Nbd7 11. Rac1 Nb6 12. Qb3 Nfd5 13. Bd2 Rd8 14. Rfe1 Nxc3 15. Bxc3 Be4 16. a4 Bd5 {1-0 (44) Mikhaylov,A (1764)-Vlasov,D (1334) Kaliningrad 2019}) 11. Qb3 $16 a5 12. Rfc1 Qa6 13. a3 a4 14. Qd1 Nbd7 15. Nh4 Bg4 16. h3 Bh5 17. g4 Bg6 18. Nxg6 hxg6 19. e4 Nb6 20. Qe2 Rfd8 21. Rd1 Nc4 22. Rd3 (22. Rab1 $11) 22... Rd7 (22... b4 $15 23. axb4 Nxb2) 23. Rad1 $11 Rad8 24. g5 (24. Bg3 $11) 24... Nh5 $15 {[%emt 0:02:24] Pair of Knights!} 25. Bc1 Qa7 {[%emt 0:05:17] Black is more active.} (25... Qb6 $17) 26. e5 $11 Rxd4 27. Rxd4 (27. Bxc6 $15 Rxd3 28. Rxd3 Rxd3 29. Qxd3) 27... Rxd4 $17 28. Rxd4 Qxd4 29. Bxc6 Nf4 $36 {[%emt 0:04:09][%mdl 2048] Black is in control.} ({Don't play} 29... Nxe5 $6 30. Bxb5 Nf4 31. Qe3 Bxg5 32. Qxd4 $11) 30. Qf3 (30. Qg4 $17 Bxg5 31. Bxb5) 30... Bxg5 {[%emt 0:00:36] Black is clearly better.} 31. Nxb5 Qxe5 32. Bxf4 Bxf4 33. Nc3 Nxb2 {[%emt 0:05:58] Weighted Error Value: White=0.21 (precise) /Black=0.14 (very precise)} 0-1